 Dungeon Crawl Stone Soup version 0.27-a0-1565-gad902ab807 (webtiles) character file.

Game seed: 5216623398791472571

944 snetch the Magician (level 8, -4/52 HPs)
             Began as a Djinni Fire Elementalist on July 16, 2021.
             Was a Believer of Ashenzari.
             Slain by a two-headed ogre (15 damage)
             ... on level 6 of the Dungeon.
             The game lasted 00:20:24 (7784 turns).

snetch the Magician (Djinni Fire Elementalist)      Turns: 7784, Time: 00:20:25

Health: -4/52      AC: 10    Str:  7    XL:     8   Next: 35%
Gold:   234        EV: 13    Int: 18    God:    Ashenzari [**....] SH:  0 Dex: 15

rFire    + + +     SeeInvis +   x - +3 dagger "Astrological Burden" {Self, Cun} (curse)
rCold    . . .     Faith    .   (no shield)
rNeg     . . .     Spirit   .   w - +2 leather armour "Pessimism of Ashenzari" {rC+, Fort, Self} (curse)
rPois    ∞         Reflect  .   s - +0 helmet "Lashed With Me" {Cun, Fort} (curse)
rElec    .         Harm     .   C - +2 cloak {rCorr}
rCorr    +         Rampage  .   (no gloves)
Will     .....                  (boots unavailable)
Stlth    +++.......             (no amulet)
HPRegen  0.17/turn              b - ring of protection from fire
MPRegen  0.00/turn              (no ring)

@: flying
A: sickness immunity, fire resistance 2, cold vulnerability 1, float, innate
caster, hp casting, extra vitality 1
a: Renounce Religion, Curse Item, Shatter the Chains


You were on level 6 of the Dungeon.
You worshipped Ashenzari.
Ashenzari was pleased with you.
You visited 1 branch of the dungeon, and saw 6 of its levels.

You collected 234 gold pieces.

Inventory:

Hand Weapons
 n - a +0 hand axe
 x - the cursed +3 dagger "Astrological Burden" (weapon) {Self, Cun}
   (You took it off an orc on level 4 of the Dungeon)

   It has a curse which improves the following skills: Introspection: Fighting
   and Spellcasting.
   Cunning:   Dodging and Stealth.
 A - a +0 quarterstaff
 B - a +2 quarterstaff of chaos
 D - a +0 hunting sling of flaming
Missiles
 f - 51 bolts
 h - a throwing net
 j - 147 stones
 m - 27 arrows
 o - 11 poisoned darts
 q - 18 sling bullets
 v - 5 boomerangs
Armour
 g - a +0 cloak
 i - a +0 scale mail
 l - a +0 chain mail
 s - the cursed +0 helmet "Lashed With Me" (worn) {Cun, Fort}
   (You found it on level 3 of the Dungeon)

   It has a curse which improves the following skills: Cunning: Dodging and
   Stealth.
   Fortitude: Armour and Shields.
 w - the cursed +2 leather armour "Pessimism of Ashenzari" (worn) {rC+, Fort, Self}
   (You took it off an orc on level 4 of the Dungeon)

   It has a curse which improves the following skills: Fortitude: Armour and
   Shields.
   Introspection: Fighting and Spellcasting.
 C - a +2 cloak of preservation (worn)
 E - a scarf of invisibility
Magical Staves
 y - a staff of poison
Jewellery
 b - a ring of protection from fire (left hand)
Wands
 k - a wand of flame (18)
 F - a wand of acid (8)
Scrolls
 e - 4 scrolls of teleportation
 r - 3 scrolls of noise
 t - 2 scrolls of fear
 u - a scroll of vulnerability
 G - a scroll of enchant weapon
 H - a scroll of holy word
Potions
 a - 2 potions of heal wounds
 c - a potion of resistance
 d - 3 potions of curing
 p - a potion of might
 z - 2 potions of lignification
 I - a potion of haste


   Skills:
 + Level 0.3(1.1) Fighting
 + Level 2.5(4.4) Armour
 + Level 2.7(4.6) Dodging
 + Level 3.0(5.0) Stealth
 + Level 6.5(8.9) Spellcasting


You had 2 spell levels left.
You knew the following spells:

 Your Spells              Type           Power      Damage    Failure   Level
a - Foxfire               Conj/Fire      100%       2x1d9     1%          1
b - Conjure Flame         Conj/Fire      40%        6-21      1%          3
c - Inner Flame           Hex/Fire       40%        N/A       1%          3
d - Sticky Flame          Conj/Fire      40%        2d6       3%          4
e - Fireball              Conj/Fire      20%        3d10      9%          5
f - Pain                  Necr           100%       1d9       1%          1
g - Ensorcelled Hibernat  Hex/Ice        80%        N/A       1%          2
h - Tukima's Dance        Hex            40%        N/A       1%          3
Your spell library was empty.

Dungeon Overview and Level Annotations

Branches:
Dungeon (6/15)
 Temple: D:4-7

Altars:
Ashenzari
Sif Muna
Zin


Innate Abilities, Weirdness & Mutations

You are immune to sickness and miasma.
You are immune to poison.
Your flesh is very heat resistant. (rF++)
You are vulnerable to cold. (rC-)
You float through the air rather than walking.
You learn spells naturally, not from books.
Your magical power is your life essence.
You have superior vitality. (+4 HP)


Message History

Found a stone staircase leading down.
You see here a potion of attraction.
There is a stone staircase leading down here.
You see here a +0 robe.
A two-headed ogre comes into view.
It is wielding a +0 dire flail and a +0 giant club.
The two-headed ogre shouts in stereo!
The two-headed ogre moves out of view.
You conjure some foxfire!
The foxfire hits the two-headed ogre!
The two-headed ogre is lightly wounded.
You conjure some foxfire!
The foxfire hits the two-headed ogre.
The two-headed ogre is moderately wounded.
The foxfire hits the two-headed ogre.
The two-headed ogre is moderately wounded.
The foxfire hits the two-headed ogre!
The two-headed ogre is heavily wounded.
You conjure some foxfire!
The two-headed ogre hits you with a +0 dire flail!
The two-headed ogre hits you with a +0 giant club!
The foxfire hits the two-headed ogre.
The two-headed ogre is heavily wounded.
The foxfire hits the two-headed ogre!
The two-headed ogre is heavily wounded.
You conjure some foxfire!
The two-headed ogre closely misses you.
The two-headed ogre hits you with a +0 giant club!
* * * LOW HITPOINT WARNING * * *
The foxfire hits the two-headed ogre!
The two-headed ogre is severely wounded.
The foxfire hits the two-headed ogre.
The two-headed ogre is severely wounded.
You are too injured to fight recklessly!
Casting: Foxfire (safe; 1% risk of failure)
Confirm with . or Enter, or press ? or * to list all spells.
Aiming: Tukima's Dance (safe; 1% risk of failure)
Press: ? - help, Shift-Dir - straight line, f - two-headed ogre
Aim: a two-headed ogre, wielding a +0 dire flail and a +0 giant club (severely wounded, chance to affect: 61%)
The +0 giant club dances into the air!
* * * LOW HITPOINT WARNING * * *
The two-headed ogre barely misses you.
The two-headed ogre hits you with a +0 dire flail!
You die...

.###......<................####..
.# ##.............#.##....## ##..
.# ##......................###...
####..................#..........
.................................
..#...#...............###.......#
......##...............##.....###
##.................(..........#
##...##.........@............##
#................O....###.....###
......#..#............###..##.##.
....###..##.#.........##..####...
....##....#..............## #.##
....<..##......###..#.....####.#
.....######...###......##..##.##
..................####..#####..##
......####........# #...####...#


You could see a two-headed ogre (ally target) and a friendly +0 giant club.

Vanquished Creatures
  A sky beast (D:6)
  A black bear (D:6)
  2 ogres (D:6)
  A necrophage (D:5)
  2 scorpions (D:5)
  A centaur zombie (D:6)
  A hound (D:5)
  A bullfrog skeleton (D:6)
  Crazy Yiuf (D:5)
  Jessica (D:2)
  An iguana (D:5)
  Terence (D:3)
  A howler monkey zombie (D:6)
  3 gnolls (D:6)
  A howler monkey skeleton (D:4)
  6 adders
  An ufetubus (D:4)
  An adder skeleton (D:4)
  An adder zombie (D:5)
  A worm (D:2)
  A dart slug (D:3)
  9 orcs
  11 endoplasms
  3 giant cockroaches
  3 goblins
  9 hobgoblins
  4 jackals
  5 kobolds
  5 quokkas
  5 ball pythons
  2 bats
  5 frilled lizards
  2 rats
93 creatures vanquished.

Vanquished Creatures (others)
  464 foxfires
  5 fungi (D:5)
469 creatures vanquished.

Grand Total: 562 creatures vanquished

Notes
Turn   | Place    | Note
-------+----------+-------------------------------------------
     0 | D:1      | snetch the Djinni Fire Elementalist began the quest for the
                  | Orb.
     0 | D:1      | Reached XP level 1. HP: 15/15 MP: 0/0
   275 | D:2      | Reached XP level 2. HP: 15/21 MP: 0/0
   582 | D:2      | Found a faded altar of an unknown god.
   596 | D:2      | Noticed Jessica
   600 | D:2      | Killed Jessica
   601 | D:2      | Reached skill level 3 in Spellcasting
   601 | D:2      | Reached XP level 3. HP: 22/25 MP: 0/0
   601 | D:2      | Learned a level 1 spell: Pain
   634 | D:2      | Became a worshipper of Ashenzari the Shackled
  1018 | D:2      | Reached XP level 4. HP: 25/31 MP: 0/0
  2595 | D:3      | Noticed Terence
  2599 | D:3      | Killed Terence
  2728 | D:3      | Reached XP level 5. HP: 32/35 MP: 0/0
  2728 | D:3      | Learned a level 2 spell: Ensorcelled Hibernation
  2928 | D:3      | Reached skill level 4 in Spellcasting
  2944 | D:3      | Found a glowing silver altar of Zin.
  4699 | D:4      | Reached * piety under Ashenzari
  5255 | D:5      | Entered Level 5 of the Dungeon
  5560 | D:5      | Reached XP level 6. HP: 31/40 MP: 0/0
  5671 | D:5      | Reached skill level 5 in Spellcasting
  5825 | D:5      | Reached skill level 1 in Armour
  5943 | D:5      | Noticed a necrophage
  5954 | D:5      | Killed a necrophage
  5955 | D:5      | Reached XP level 7. HP: 37/45 MP: 0/0
  5955 | D:5      | Learned a level 3 spell: Tukima's Dance
  6486 | D:5      | Found a runed translucent door.
  6487 | D:5      | Noticed Crazy Yiuf
  6501 | D:5      | Killed Crazy Yiuf
  6934 | D:6      | Reached ** piety under Ashenzari
  7029 | D:6      | Reached skill level 6 in Spellcasting
  7029 | D:6      | Reached XP level 8. HP: 46/51 MP: 0/0
  7762 | D:6      | Noticed a two-headed ogre
  7784 | D:6      | Slain by a two-headed ogre

Illustrated notes

Levels and vault maps discovered:
D:1:      minmay_arrival_four_houses, layout_basic
D:2:      layout_basic, ebering_ecumenical_altar_abandoned, minmay_tromino_v2,
          uniq_jessica
D:3:      mumra_celtic_spiral_tile, layout_basic,
          mainiacjoe_overflow_surrounded_room, serial_park_tiny_1, uniq_terence
D:4:      layout_layer_cave
D:5:      layout_basic, mainiacjoe_overflow_small_starburst,
          chequers_serial_rivers_micro_d, hex_large, uniq_crazy_yiuf_cottage
D:6:      layout_layer_cave

Skill      XL: |  1  2  3  4  5  6  7  8 |
---------------+-------------------------+-----
Spellcasting   | 3 4 5 6 |  6.5
Stealth        | 2 3 |  3.0
Armour         | 1 2 |  2.5
Fighting       | |  0.3
Dodging        | |  2.7

Action                   |  1- 3 |  4- 6 |  7- 9 || total
-------------------------+-------+-------+-------++-------
Melee: Dagger            |       |       |     7 ||     7
 Cast: Foxfire           |    50 |   167 |    67 ||   284
       Tukima's Dance    |       |       |     1 ||     1
Invok: Curse Item        |       |     2 |     1 ||     3
Armor: Robe              |       |     1 |       ||     1
Dodge: Dodged            |     5 |    13 |     7 ||    25

Table legend: (Time is in decaauts)
 A = Elapsed time spent in this place.
 B = Non-inter-level travel time spent in this place.
 C = Inter-level travel time spent in this place.
 D = Time resting spent in this place.
 E = Time spent auto-exploring this place.
 F = Levels seen in this place.
 G = Mean time per level.
                   A        B        C        D        E       F      G
               +--------+--------+--------+--------+--------+-----+--------+
         Total |   7798 |   7023 |    775 |    178 |   5775 |   6 | 1299.7 |
       Dungeon |   7798 |   7023 |    775 |    178 |   5775 |   6 | 1299.7 |
               +--------+--------+--------+--------+--------+-----+--------+

Top non-repeatable levels by time:
     D:4: 1710 daAuts
     D:2: 1553 daAuts
     D:5: 1227 daAuts
     D:3: 1167 daAuts
     D:1: 1154 daAuts
     D:6: 985 daAuts
